 Dungeon Crawl Stone Soup version 0.23.0-2-g0fe3ce5 (console) character file.

Game seed: 15269416609668944856

41 bli the Skirmisher (level 3, -1/30 HPs)
             Began as a Formicid Abyssal Knight on Feb 19, 2019.
             Was a Follower of Lugonu.
             Slain by a worm (3 damage)
             ... on level 2 of the Dungeon.
             The game lasted 00:03:40 (896 turns).

bli the Skirmisher (Formicid Abyssal Knight)         Turns: 896, Time: 00:03:41

Health: -1/30      AC:  8    Str: 16    XL:     3   Next: 75%
Magic:  4/4        EV:  9    Int: 11    God:    Lugonu [*.....]
Gold:   77         SH:  3    Dex: 11    Spells: 2/2 levels left

rFire    . . .     SeeInvis +   a - +1 hand axe
rCold    + . .     Gourm    .   n - +0 buckler
rNeg     . . .     Faith    .   f - +2 scale mail {rC+}
rPois    .         Spirit   .   (helmet unavailable)
rElec    .         Reflect  .   (no cloak)
rCorr    .         Harm     .   (no gloves)
MR       .....                  (no boots)
Stlth    ..........             (no amulet)
HPRegen  0.10/turn              (no ring)
MPRegen  0.09/turn              (no ring)

@: no status effects
A: permanent stasis, dig shafts and tunnels, four strong arms, antennae 3
a: Dig, Shaft Self, Depart the Abyss, Renounce Religion


You were on level 2 of the Dungeon.
You worshipped Lugonu.
Lugonu was aware of your devotion.
You were not hungry.

You visited 1 branch of the dungeon, and saw 2 of its levels.
You visited the Abyss 1 time.

You collected 77 gold pieces.

Inventory:

Hand Weapons
 a - a +1 hand axe (weapon)
Missiles
 p - 6 javelins (quivered)
Armour
 b - a +0 leather armour
 f - a +2 scale mail of cold resistance (worn)
 n - a +0 buckler (worn)
 o - a +0 ring mail
Jewellery
 e - an uncursed ring of protection from fire {unknown}
Wands
 d - a wand of polymorph (7)
Scrolls
 h - a scroll of fear {unknown}
 i - 3 scrolls of identify {unknown}
 k - a scroll of remove curse {unknown}
 l - a scroll of magic mapping {unknown}
 m - a scroll of teleportation {unknown}
 r - a scroll of random uselessness {unknown}
Potions
 g - a potion of mutation {unknown}
 q - a potion of might {unknown}
Comestibles
 c - 5 rations
 j - 10 chunks of flesh


   Skills:
 - Level 4.0 Fighting
 * Level 2.7 Axes
 + Level 2.5 Armour
 + Level 1.1 Dodging
 + Level 2.2 Invocations


You had 2 spell levels left.
You didn't know any spells.
Your spell library was empty.

Dungeon Overview and Level Annotations

Branches:
Dungeon (2/15)

Altars:


Innate Abilities, Weirdness & Mutations

You cannot be hasted, slowed, berserked, paralysed or teleported.
You can dig through walls and to a lower floor.
Your four strong arms can wield two-handed weapons with a shield.
You have a pair of large antennae on your head. (SInv)


Message History

The leopard gecko is moderately wounded.
You block the leopard gecko's attack. The leopard gecko barely misses you.
You barely miss the leopard gecko.
The leopard gecko is moderately wounded.
The leopard gecko barely misses you.
The leopard gecko bites you but does no damage.
You barely miss the leopard gecko.
The leopard gecko is lightly wounded.
The leopard gecko bites you but does no damage.
You miss the leopard gecko.
The leopard gecko is lightly wounded.
You hit the worm.
The leopard gecko bites you but does no damage.
The worm barely misses you.
You hit the worm.
The worm is severely wounded.
You closely miss the leopard gecko.
The leopard gecko bites you but does no damage.
The leopard gecko barely misses you. The worm bites you.
You die...

#...........
#...........
#...........
#...........
#...........
######..........%
#................
#.............###
#.............#
#....w).......#
##...@l.......##
#..÷..........#
#.############# #.#
###########
#.##########..........
#..............)......
#..###P..#P...........
#..#P..P..#..)........
#.........#...........
#.........#.<......♣♣.
#........P#..#+##.♣♣ ♣


You could see a worm and a leopard gecko.

Vanquished Creatures
  2 worms (D:2)
  A dart slug (D:1)
  A leopard gecko (D:1)
  An orc (D:2)
  A ball python (D:1)
  2 goblins (D:1)
  3 hobgoblins
  4 jackals (D:1)
  2 kobolds (D:1)
  6 bats
  2 frilled lizards (D:1)
  6 rats
31 creatures vanquished.

Notes
Turn   | Place    | Note
-------+----------+-------------------------------------------
     0 | Abyss:1  | bli the Formicid Abyssal Knight began the quest for the
                  | Orb.
     0 | Abyss:1  | Reached XP level 1. HP: 18/18 MP: 2/2
     3 | Abyss:1  | Found a corrupted altar of Lugonu.
    21 | Abyss:1  | Found a stormy altar of Qazlal.
    75 | Abyss:2  | Noticed a small abomination
    81 | Abyss:2  | Noticed a small abomination
    81 | Abyss:2  | Noticed a thrashing horror
   128 | Abyss:3  | Noticed a ynoxinul
   147 | D:1      | Escaped the Abyss
   189 | D:1      | Reached skill level 1 in Dodging
   200 | D:1      | Reached XP level 2. HP: 20/24 MP: 3/3
   223 | D:1      | Reached * piety under Lugonu
   396 | D:1      | Reached XP level 3. HP: 30/30 MP: 4/4
   445 | D:1      | Reached skill level 4 in Fighting
   887 | D:2      | HP: 1/30 [leopard gecko (2)]
   896 | D:2      | Slain by a worm

Skill      XL: |  1  2  3 |
---------------+----------+-----
Dodging        | 1 |  1.1
Fighting       | 4 |  4.0
Axes           | |  2.7
Armour         | |  2.5
Invocations    | |  2.2

Action                   || total
-------------------------++-------
Melee: Hand axe          ||   109
Invok: Depart the Abyss  ||     1
Armor: Leather armour    ||    15
       Scale mail        ||    35
Dodge: Dodged            ||    51
Block: Buckler           ||     9
